AoeStats
← mateakd2013

Arena

510587315Analyzed
2v2 RM · 14h ago on Oct 1, 2026· 39m 9s· 4 players
Game mode
Random Map
Map size
Medium (4 player)
Population
200
Speed
Normal
Resources
Standard
Victory
Conquest
Starting age
Dark Age
Ending age
Imperial Age
RankedLock teamsTeams togetherTeam positionsShared explorationLock speedFull tech treeHidden civsTurbo modeCheats
Victory
Defeat
🇨🇳 Cumans · China
944
+14
🇨🇳 Saxons · China
874
+17
🇸🇪 Japanese · Sweden
911
-16
🇦🇷 Slavs · Argentina
882
-15
mateakd2013
11:28 Feudal Age
16:24 Castle Age
16:14 Man-at-Arms
16:47 Double-Bit Axe
17:15 Long Swordsman
29:23 Squires
33:38 Imperial Age
33:42 Two-Handed Swordsman
34:27 Horse Collar
35:34 Champion
37:13 Scale Mail Armor
37:24 Forging
Konny Kalsong
9:58 Feudal Age
10:51 Double-Bit Axe
10:42 Man-at-Arms
13:45 Horse Collar
18:23 Castle Age
17:43 Scale Mail Armor
17:56 Forging
18:34 Arson
19:30 Squires
20:49 Long Swordsman
21:44 Gold Mining
23:23 Scale Mail Armor
27:20 Iron Casting
30:14 Chain Mail Armor
31:00 Heavy Plow
31:12 Bow Saw
31:52 Loom
32:43 Wheelbarrow
34:02 Yasama
35:07 Hand Cart
35:40 Scale Barding Armor
38:54 Imperial Age
36:47 Hand Cart
37:17 Thumb Ring
38:34 Elite Skirmisher
AisakaTaiga
10:34 Feudal Age
12:01 Double-Bit Axe
14:26 Horse Collar
16:56 Loom
21:08 Wheelbarrow
24:34 Castle Age
23:56 Gold Mining
24:02 Stone Mining
25:53 Bow Saw
25:52 Heavy Plow
29:10 Imperial Age
27:03 Hand Cart
26:33 Town Watch
27:13 Fletching
28:15 Steppe Husbandry
28:58 Bodkin Arrow
29:44 Steppe Husbandry
30:07 Ballistics
31:10 Two-Man Saw
30:29 Bloodlines
30:49 Parthian Tactics
30:49 Conscription
30:38 Cuman Mercenaries
30:58 Conscription
31:31 Crop Rotation
32:10 Gold Shaft Mining
32:08 Padded Archer Armor
33:10 Chemistry
32:20 Thumb Ring
33:43 Leather Archer Armor
33:02 Elite Kipchak
33:43 Elite Kipchak
34:32 Elite Steppe Lancer
35:47 Ring Archer Armor
35:24 Scale Barding Armor
35:29 Forging
39:20 Chain Barding Armor
39:36 Iron Casting
Market Blockers
10:52 Feudal Age
11:58 Double-Bit Axe
11:58 Horse Collar
14:53 Castle Age
17:13 Wheelbarrow
16:54 Bow Saw
17:40 Heavy Plow
23:52 Scale Mail Armor
24:24 Forging
27:20 Imperial Age
26:38 Iron Casting
26:45 Hand Cart
26:15 Loom
26:16 Town Watch
29:49 Squires
29:34 Arson
29:35 Gambesons
31:19 Chain Mail Armor
33:15 Plate Mail Armor
34:38 Gold Mining
35:04 Shield Wall
36:29 Conscription
35:57 Capped Ram
38:13 Elite Varangian Guard
39:00 Padded Archer Armor
38:50 Fletching
Connection lost

Rejoining the realm…

Still unreachable

The connection could not be restored.

Session expired

The server has moved on; the page needs a fresh start.